 Dungeon Crawl Stone Soup version 0.20.1-1-g8b1a95d (webtiles) character file.

237 Lanoc the Slasher (level 5, -2/41 HPs)
             Began as a Vampire Fighter on Dec 1, 2017.
             Succumbed to yogakurto's ghost's poison
             ... on level 3 of the Dungeon.
             The game lasted 00:08:36 (1970 turns).

Lanoc the Slasher (Vampire Fighter)                 Turns: 1970, Time: 00:08:36

Health: -2/41      AC: 13    Str: 16    XL:     5   Next: 77%
Magic:  5/5        EV:  3    Int: 11    God:
Gold:   142        SH:  9    Dex: 13    Spells: 4/4 levels left

rFire    . . .     SeeInvis +   a - +1 long sword
rCold    . . .     Gourm    .   c - +0 shield
rNeg     . . .     Faith    .   n - -1 plate armour (curse)
rPois    .         Spirit   .   (no helmet)
rElec    .         Reflect  .   o - +0 cloak
rCorr    .         Harm     .   k - +1 pair of gloves
MR       .....                  (no boots)
Stlth    ..........             (no amulet)
Regen    0.4/turn               (no ring)
MPRegen  0.1/turn               (no ring)

@: lethally poisoned (-2 -> -55), very slightly contaminated, regenerating
quickly
A: fangs 3, see invisible, unbreathing
a: no special abilities


You were on level 3 of the Dungeon.
You were very full.

You visited 1 branch of the dungeon, and saw 3 of its levels.

You collected 142 gold pieces.

Inventory:

Hand Weapons
 a - a +1 long sword (weapon)
Armour
 b - a +0 scale mail
 c - a +0 shield (worn)
 k - a +1 pair of gloves (worn)
 n - a cursed -1 plate armour (worn)
 o - a +0 cloak (worn)
Scrolls
 j - a scroll of teleportation
Potions
 d - 2 potions of might
 g - 11 potions of blood
 h - a potion of lignification {unknown}
 i - a potion of haste {unknown}


   Skills:
 + Level 3.5 Fighting
 * Level 3.7 Long Blades
 + Level 3.0 Armour
 + Level 2.2 Dodging
 + Level 3.4 Shields


You had 4 spell levels left.
You didn't know any spells.

Dungeon Overview and Level Annotations

Branches:
Dungeon (3/15)

Altars:
Hepliaklqana
Xom

Annotations:
D:3 yogakurto's ghost, amateur BaMo


Innate Abilities, Weirdness & Mutations

Your natural rate of healing is unusually fast.
You have razor-sharp teeth.
You have supernaturally acute eyesight. (SInv)
You can survive without breathing.


Message History

Yogakurto's ghost hits you but does no damage.
You are more poisoned.
You catch the helpless yogakurto's ghost completely off-guard!
You slash yogakurto's ghost! You bite yogakurto's ghost.
Yogakurto's ghost is almost destroyed.
You feel very sick. Yogakurto's ghost hits you.
You are more poisoned.
Your shield and plate armour prevent you from hitting yogakurto's ghost.
Yogakurto's ghost is almost destroyed.
* * * LOW HITPOINT WARNING * * *
You feel very sick.
Yogakurto's ghost hits you but does no damage.
You are more poisoned.
Yogakurto's ghost hits you.
* * * LOW HITPOINT WARNING * * *
You miss yogakurto's ghost.
Yogakurto's ghost is almost destroyed.
You flicker back into view.
You die...

.......s..#.......#
..........#.......#
......g.g.........#
...##...###......##
.................##
.#.#######........# .#..##
##........#######
.....####...............##
###.......##...)@........##
###....#####...W..........#
...<......................#
..##....#.......(.........#
.%..........).............#
.....>.#####..............#
###....## ##............##
####....#####....[......##
...........##.###).######


You could see yogakurto's ghost.

Vanquished Creatures
  2 jellies (D:2)
  5 gnolls (D:3)
  6 adders
  An ooze (D:3)
  4 worms (D:2)
  A leopard gecko (D:2)
  2 orcs (D:3)
  7 bats
  6 giant cockroaches
  2 goblins
  9 hobgoblins
  An iguana (D:2)
  A quokka (D:3)
  A ball python (D:3)
  6 frilled lizards
  3 kobolds
  11 rats
68 creatures vanquished.

Notes
Turn   | Place    | Note
-------+----------+-------------------------------------------
     0 | D:1      | Lanoc the Vampire Fighter began the quest for the Orb.
     0 | D:1      | Reached XP level 1. HP: 17/17 MP: 1/1
   302 | D:1      | Reached XP level 2. HP: 22/23 MP: 2/2
   569 | D:2      | Reached skill level 1 in Dodging
   573 | D:2      | Reached XP level 3. HP: 29/29 MP: 3/3
   626 | D:2      | Found a shimmering altar of Xom.
   640 | D:2      | Reached XP level 4. HP: 8/35 MP: 4/4
  1218 | D:2      | Reached XP level 5. HP: 41/41 MP: 5/5
  1322 | D:2      | Found a hazy altar of Hepliaklqana.
  1608 | D:3      | Noticed yogakurto's ghost (amateur BaMo)
  1970 | D:3      | Succumbed to yogakurto's ghost's poison

Skill      XL: |  1  2  3  4  5 |
---------------+----------------+-----
Fighting       | 3 |  3.5
Dodging        | 1 2 |  2.2
Long Blades    | 3 |  3.7
Shields        | 3 |  3.4
Armour         | 3 |  3.0

Action                   |  1- 3 |  4- 6 || total
-------------------------+-------+-------++-------
Melee: Long sword        |    74 |   183 ||   257
       Bite              |     9 |    24 ||    33
  Use: Potion            |     6 |    11 ||    17
       Scroll            |       |     6 ||     6
 Stab: Invisible         |       |     1 ||     1
Armor: Scale mail        |    32 |    15 ||    47
       Plate armour      |       |   133 ||   133
Dodge: Dodged            |    33 |    40 ||    73
Block: Shield            |    31 |   103 ||   134
       Rpst.: Long sword |    11 |     9 ||    20
